 Dungeon Crawl Stone Soup version 0.21.1-1-g345015fe64 (webtiles) character file.

366 Kohma the Poker (level 6, -3/47 HPs)
             Began as a Merfolk Gladiator on June 9, 2018.
             Was an Initiate of Okawaru.
             Slain by an ogre
             ... wielding a +0 giant spiked club
              (20 damage)
             ... on level 4 of the Dungeon.
             The game lasted 00:15:47 (4375 turns).

Kohma the Poker (Merfolk Gladiator)                 Turns: 4375, Time: 00:15:48

Health: -3/47      AC:  4    Str: 16    XL:     6   Next: 68%
Magic:  6/6        EV: 16    Int:  7    God:    Okawaru [......]
Gold:   177        SH:  0    Dex: 16    Spells: 5/5 levels left

rFire    . . .     SeeInvis .   a - +0 trident
rCold    + . .     Gourm    .   (no shield)
rNeg     . . .     Faith    .   b - +0 leather armour
rPois    .         Spirit   .   c - +0 helmet
rElec    .         Reflect  .   (no cloak)
rCorr    .         Harm     .   (no gloves)
MR       .....                  (no boots)
Stlth    +.........             (no amulet)
HPRegen  0.15/turn              h - ring of protection from cold
MPRegen  0.10/turn              (no ring)

@: no status effects
A: change form in water, swift swim, stealthy swim
a: Renounce Religion


You were on level 4 of the Dungeon.
You worshipped Okawaru.
Okawaru was noncommittal.
You were not hungry.

You visited 1 branch of the dungeon, and saw 5 of its levels.

You collected 177 gold pieces.

Inventory:

Hand Weapons
 a - a +0 trident (weapon)
 t - a +0 trident
 x - a +0 hunting sling of flaming
Missiles
 d - 3 throwing nets (quivered)
 k - 5 silver tomahawks
Armour
 b - a +0 leather armour (worn)
 c - a +0 helmet (worn)
 q - a +0 leather armour
 s - a +0 leather armour
 w - a +0 leather armour
Jewellery
 h - a ring of protection from cold (left hand)
 l - a cursed -3 ring of protection {unknown}
Wands
 m - a wand of scattershot (4)
 n - a wand of random effects (21)
Scrolls
 g - a scroll of teleportation
 r - 4 scrolls of remove curse
Potions
 e - a potion of invisibility
 i - a potion of resistance {unknown}
 j - 2 potions of flight
 o - a potion of ambrosia {unknown}
 p - a potion of brilliance {unknown}
 u - a potion of magic {unknown}
Books
 y - a book of Callings

   Spells                             Type                      Level
   a - Summon Small Mammal            Summoning                    1
   b - Call Imp                       Summoning                    2
   c - Call Canine Familiar           Summoning                    3
   d - Summon Guardian Golem          Hexes/Summoning              3
   e - Summon Lightning Spire         Summoning/Air                4
   f - Summon Ice Beast               Ice/Summoning                4
Comestibles
 f - 6 rations
 v - 4 chunks of flesh


   Skills:
 + Level 3.5 Fighting
 * Level 7.1 Polearms
 + Level 3.3 Throwing
 * Level 6.3 Dodging


You had 5 spell levels left.
You didn't know any spells.

Dungeon Overview and Level Annotations

Branches:
Dungeon (5/15)
 Temple: D:4-7

Altars:
Okawaru
Uskayaw
Xom
Zin
The Shining One

Annotations:
D:3 !ghost, Ivernyr's ghost, amateur HuSk


Message History

An ogre comes into view. It is wielding a giant spiked club.
The ogre shouts!
Evoke which item? (* to show all) (? for menu, Esc to quit)
Attack whom?
Press: ? - help, Dir - move target cursor, f - ogre
Aim: an ogre, wielding a giant spiked club You reach to attack!
You hit the ogre.
The ogre is lightly wounded.
You hit the ogre.
The ogre is moderately wounded.
The ogre hits you with a giant spiked club!
You hit the ogre.
The ogre is moderately wounded.
You puncture the ogre!
The ogre is severely wounded.
The ogre hits you with a giant spiked club!!
You hit the ogre but do no damage.
The ogre is severely wounded.
The ogre hits you with a giant spiked club!!
You die...

.........########.....###..####.#
(........#......#.....#.........#
.........#......#.....#.........#
.........#......#.....#.........#
....<....#......#.....#.........#
.........# .....#.....#.........#
#+#......# ...#.....#.........#
..+......#+####O#.....####+##...#
..#.............@..#'####..##...#
..#................#.............
..#................#.............
..#................#.............
#................#.............
#####+#.......)..#.............
#..........#.............
#...........#######+#####
##'####........(....


You could see an ogre.

Vanquished Creatures
  The ghost of Jens78 the Ruffian, an amateur TrTm (D:4)
  2 hounds (D:4)
  An iguana (D:4)
  A worker ant (D:4)
  A hound skeleton (D:4)
  4 adders
  An adder skeleton (D:4)
  3 dart slugs (D:1)
  3 leopard geckos
  4 orcs (D:3)
  5 bats
  9 goblins
  7 hobgoblins
  2 ball pythons
  4 frilled lizards
  4 kobolds
  A quokka skeleton (D:4)
  8 rats
  A butterfly (D:3)
62 creatures vanquished.

Notes
Turn   | Place    | Note
-------+----------+-------------------------------------------
     0 | D:1      | Kohma the Merfolk Gladiator began the quest for the Orb.
     0 | D:1      | Reached XP level 1. HP: 16/16 MP: 1/1
   309 | D:1      | Reached XP level 2. HP: 18/22 MP: 2/2
   726 | D:1      | Reached skill level 5 in Polearms
   844 | D:1      | Reached XP level 3. HP: 28/28 MP: 3/3
  1400 | D:2      | Found an iron altar of Okawaru.
  1406 | D:2      | Found a glowing silver altar of Zin.
  1406 | D:2      | Noticed an angel
  1428 | D:2      | Became a worshipper of Warmaster Okawaru
  1433 | D:2      | Found a hide-covered altar of Uskayaw.
  1460 | D:2      | Found a glowing golden altar of the Shining One.
  1795 | D:3      | Found a shimmering altar of Xom.
  1823 | D:3      | Reached XP level 4. HP: 17/34 MP: 4/4
  2049 | D:3      | Reached skill level 5 in Dodging
  2121 | D:3      | Noticed Ivernyr's ghost (amateur HuSk)
  3721 | D:4      | Reached skill level 6 in Polearms
  3721 | D:4      | Reached XP level 5. HP: 33/41 MP: 5/5
  3820 | D:4      | Noticed Jens78's ghost (amateur TrTm)
  3844 | D:4      | Killed Jens78's ghost
  3844 | D:4      | Reached XP level 6. HP: 27/47 MP: 6/6
  4007 | D:4      | Reached skill level 7 in Polearms
  4331 | D:5      | Entered Level 5 of the Dungeon
  4375 | D:4      | Slain by an ogre

Skill      XL: |  1  2  3  4  5  6 |
---------------+-------------------+-----
Polearms       | 5 6 7 |  7.1
Dodging        | 5 6 |  6.3
Fighting       | 3 |  3.5
Throwing       | 3 |  3.3

Action                   |  1- 3 |  4- 6 || total
-------------------------+-------+-------++-------
Melee: Trident           |   137 |   146 ||   283
Throw: Throwing net      |       |     3 ||     3
  Use: Scroll            |     6 |     3 ||     9
       Potion            |       |     1 ||     1
 Stab: Sleeping          |     1 |       ||     1
  Eat: Chunk             |     2 |     3 ||     5
       Ration            |     1 |     1 ||     2
Armor: Leather armour    |    27 |    19 ||    46
Dodge: Dodged            |   102 |    97 ||   199
